 Dungeon Crawl Stone Soup version 0.29.1-2-gbd0b4ee654 (webtiles) character file.

Game seed: 2255389008940543662

7336 zdrol the Severer (level 10, -4/77 HPs)
             Began as a Minotaur Monk on Nov 26, 2022.
             Was a High Priest of Okawaru.
             Slain by a six-headed hydra (12 damage)
             ... on level 10 of the Dungeon.
             The game lasted 00:38:51 (10323 turns).

zdrol the Severer (Minotaur Monk)                  Turns: 10323, Time: 00:38:54

Health: -4/77      AC: 18    Str: 19    XL:     10   Next: 90%
Magic:  7/9        EV: 12    Int:  7    God:    Okawaru [*****.]
Gold:   975        SH:  0    Dex: 20    Spells: 9/9 levels left

rFire   . . .      SeeInvis +   g - +2 battleaxe (flame)
rCold   . . .      Faith    .   (shield currently unavailable)
rNeg    + . .      Spirit   .   m - +8 chain mail "Looveq" {Will+ SInv}
rPois   .          Reflect  .   (helmet restricted)
rElec   .          Harm     .   d - scarf {repulsion}
rCorr   .          Rampage  .   (no gloves)
Will    +....                   (no boots)
Stlth   +.........              (no amulet)
HPRegen 0.22/turn               q - ring of positive energy
MPRegen 0.11/turn               I - +6 ring of dexterity

@: heroic, hasted, repel missiles, very quick
A: horns 2, retaliatory headbutt
a: Renounce Religion, Heroism, Finesse, Duel


You were on level 10 of the Dungeon.
You worshipped Okawaru.
Okawaru was extremely pleased with you.
You visited 1 branch of the dungeon, and saw 10 of its levels.

You collected 1112 gold pieces.
You spent 137 gold pieces at shops.

Inventory:

Hand Weapons
 a - a +0 hand axe
 e - a +0 war axe
 g - a +2 battleaxe of flaming (weapon)
 J - a +2 flail of draining
Missiles
 i - 3 curare-tipped darts (quivered)
 y - a throwing net
Armour
 b - a +0 robe
 d - a scarf of repulsion (worn)
 j - +0 steam dragon scales
 m - the +8 chain mail "Looveq" (worn) {Will+ SInv}
   (You found it on level 2 of the Dungeon)

   SInv:      It lets you see invisible.
   Will:      It increases your willpower.
 F - a +0 kite shield
Jewellery
 q - a ring of positive energy (left hand)
 H - a +6 ring of intelligence
 I - a +6 ring of dexterity (right hand)
Wands
 s - a wand of roots (18)
 v - a wand of flame (18)
Scrolls
 f - a scroll of brand weapon
 k - 3 scrolls of magic mapping
 l - 5 scrolls of teleportation
 n - 2 scrolls of noise
 o - a scroll of summoning {unknown}
 w - 2 scrolls of fear
 x - a scroll of amnesia
 C - 3 scrolls of blinking
 E - a scroll of vulnerability {unknown}
 G - a scroll of enchant weapon {unknown}
 N - a scroll of enchant armour {unknown}
Potions
 c - a potion of ambrosia
 p - 3 potions of resistance
 r - 2 potions of degeneration {unknown}
 t - 2 potions of brilliance {unknown}
 u - 2 potions of flight {unknown}
 z - a potion of lignification {unknown}
 A - 2 potions of curing
 B - a potion of mutation {unknown}
 D - 2 potions of invisibility {unknown}
 L - a potion of might {unknown}
 M - a potion of magic {unknown}


   Skills:
 - Level 3.6(8.6) Fighting
 + Level 19.3(24.3) Axes
 - Level 3.0(8.0) Armour
 - Level 3.2(8.2) Dodging
 - Level 1.5(6.5) Stealth


You had 9 spell levels left.
You didn't know any spells.
Your spell library contained the following spells:

 Spells                   Type           Power      Damage    Failure   Level
 Sublimation of Blood     Necr           0%         N/A       99%         2
 Wereblood                Tmut           0%         N/A       99%         2
 Gell's Gravitas          Tloc           0%         N/A       100%        3
 Teleport Other           Tloc           0%         N/A       100%        3
 Dispersal                Tloc           0%         N/A       100%        6
 Summon Hydra             Summ           Unusable   N/A       N/A         7

Dungeon Overview and Level Annotations

Branches:
Dungeon (10/15)            Temple (0/1) D:4
   Lair: D:8-11         Orc: D:9-12

Altars:
Ashenzari
Cheibriados
Gozag
Kikubaaqudgha
Makhleb
Nemelex Xobeh
Okawaru
Qazlal
Ru
Trog
Zin
The Shining One

Shops:
D:1 [!*?   D:4 ?   D:5 *   D:6 [


Innate Abilities, Weirdness & Mutations

You have a pair of horns on your head.
You reflexively headbutt those who attack you in melee.


Message History

You closely miss the orc knight. Your headbutt misses the orc knight.
The orc knight is heavily wounded.
The orc knight hits you with a +0 great mace!
You slash the orc knight! You burn the orc knight.
The orc knight is severely wounded.
You hit the orc knight but do no damage.
The orc knight is severely wounded.
The orc knight hits you with a +0 great mace!!
* * * LOW HITPOINT WARNING * * *
Unknown command.
You feel much better.
The orc knight hits you with a +0 great mace!!
* * * LOW HITPOINT WARNING * * *
You feel much better.
The orc knight hits you but does no damage.
You gain the combat prowess of a mighty hero.
The orc knight hits you with a +0 great mace!
You hit the orc knight but do no damage.
You headbutt the orc knight!
The orc knight is severely wounded.
The orc knight hits you with a +0 great mace!
* * * LOW HITPOINT WARNING * * *
You closely miss the orc knight. You headbutt the orc knight.
The orc knight is severely wounded.
You hit the orc knight. You burn the orc knight.
The orc knight is almost dead.
You hit the six-headed hydra. You burn the six-headed hydra.
The orc knight misses you. You furiously retaliate!
You headbutt the orc knight!
You kill the orc knight!
Okawaru is honoured by your kill.
The centaur warrior wields a +0 shortbow.
The centaur warrior shoots an arrow.
The arrow barely misses you.
You feel yourself speed up.
The centaur warrior shoots an arrow.
The arrow hits you but does no damage.
The six-headed hydra bites you but does no damage.
The six-headed hydra bites you!
* * * LOW HITPOINT WARNING * * *
The six-headed hydra bites you!
You die...

#'#######'####... ...##)....#..+
...######.##.# ...######.##.#####
...##............#
##.##............#
#####............# #
#............# # #...........@#
#####.....#####D)##
....#....##(#.##c.# ....#...#
.....##.# ....##.# ..?...#.#
####### ...###. #..# #.....####
...# ..(D..### #.....#).. ...#
.....# #.###.))).
...########.#!##########.....####


You could see a six-headed hydra (slow) and a centaur warrior.

Vanquished Creatures
  2 two-headed ogres
  An orc knight (D:10)
  An orc sorcerer (D:7)
  2 trolls (D:9)
  A hornet (D:9)
  Grinder (D:3)
  A centaur simulacrum (D:10)
  A wraith (D:10)
  2 wyverns (D:9)
  Eustachio (D:4)
  5 yaks (D:9)
  A steam dragon (D:7)
  Menkaure (D:4)
  Edmund (D:4)
  3 orc warriors
  A black bear (D:6)
  An ogre (D:7)
  5 centaurs
  3 bullfrogs
  A necrophage (D:6)
  A gnoll sergeant (D:8)
  5 scorpions
  The ghost of superradish the Cutter, a weakling DrMo of Dithmenos (D:4)
  3 killer bees (D:8)
  An electric eel (D:7)
  2 howler monkeys
  A jelly (D:5)
  Crazy Yiuf (D:3)
  6 orc priests
  5 hounds
  2 iguanas
  Jessica (D:2)
  Ijyb (D:3)
  Terence (D:3)
  6 orc wizards
  Robin (D:3)
  13 gnolls
  4 adders
  3 white imps
  2 worms
  27 orcs
  7 bats
  3 endoplasms
  2 giant cockroaches
  21 goblins
  7 hobgoblins
  6 jackals
  5 quokkas
  9 ball pythons
  4 frilled lizards
  6 kobolds
  7 rats
199 creatures vanquished.

Vanquished Creatures (others)
  A human (D:10)
  3 plants
4 creatures vanquished.

Grand Total: 203 creatures vanquished

Notes
Turn   | Place    | Note
-------+----------+-------------------------------------------
     0 | D:1      | zdrol the Minotaur Monk began the quest for the Orb.
     0 | D:1      | Reached XP level 1. HP: 19/19 MP: 0/0
    21 | D:2      | Noticed Jessica
   150 | D:1      | Reached skill level 4 in Axes
   185 | D:1      | Reached XP level 2. HP: 16/26 MP: 1/1
   354 | D:1      | Found Enuonus's Assorted Antiques.
   390 | D:1      | Found Lokuo's Magic Scroll Shop.
   596 | D:1      | Found Zuaclias's Distillery.
   612 | D:1      | Found Soxzel's Armour Shoppe.
   636 | D:1      | Bought a potion of heal wounds for 65 gold pieces
   696 | D:1      | Found a faded altar of an unknown god.
   946 | D:2      | Reached skill level 5 in Axes
   946 | D:2      | Reached XP level 3. HP: 10/31 MP: 2/2
   947 | D:2      | Killed Jessica
  1002 | D:2      | Identified 2 scrolls of acquirement
  1002 | D:2      | Acquired 420 gold pieces
  1003 | D:2      | Acquired a +2 battleaxe of flaming
  1025 | D:2      | Identified the +8 chain mail "Looveq" {Will+ SInv}
  1345 | D:2      | Reached skill level 6 in Axes
  1345 | D:2      | Reached XP level 4. HP: 39/39 MP: 3/3
  1566 | D:3      | Noticed Terence
  1816 | D:3      | Noticed Robin
  1827 | D:3      | Killed Robin
  1928 | D:3      | Found a sacrificial altar of Ru.
  1967 | D:3      | Killed Terence
  1968 | D:3      | Reached skill level 7 in Axes
  1968 | D:3      | Reached XP level 5. HP: 45/45 MP: 4/4
  2066 | D:3      | Noticed Grinder
  2066 | D:3      | Paralysed by Grinder for 4 turns
  2076 | D:3      | Killed Grinder
  2077 | D:3      | Reached skill level 8 in Axes
  2077 | D:3      | Reached skill level 1 in Armour
  2077 | D:3      | Reached XP level 6. HP: 45/51 MP: 5/5
  2190 | D:3      | Noticed Ijyb
  2197 | D:3      | Killed Ijyb
  2621 | D:3      | Found a snail-covered altar of Cheibriados.
  2793 | D:3      | Found a runed translucent door.
  2794 | D:3      | Noticed Crazy Yiuf
  2798 | D:3      | Killed Crazy Yiuf
  2862 | D:4      | Noticed Menkaure
  2868 | D:4      | Killed Menkaure
  2869 | D:4      | Reached skill level 9 in Axes
  2869 | D:4      | Reached XP level 7. HP: 41/57 MP: 6/6
  2996 | D:4      | Identified the +1 leather armour "Kiyh" {+Inv Dex-5 Slay+5
                  | Stlth+}
  3039 | D:4      | Found a staircase to the Ecumenical Temple.
  3077 | D:5      | Entered Level 5 of the Dungeon
  3156 | D:4      | Reached skill level 10 in Axes
  3345 | D:4      | Noticed Edmund
  3352 | D:4      | Killed Edmund
  3500 | D:4      | Noticed Eustachio
  3515 | D:4      | Killed Eustachio
  3516 | D:4      | Reached skill level 11 in Axes
  3516 | D:4      | Reached XP level 8. HP: 16/64 MP: 7/7
  3789 | D:4      | Found a sparkling altar of Nemelex Xobeh.
  4143 | D:4      | Found Etutecs's Magic Scroll Boutique.
  4164 | D:4      | Bought a scroll of identify for 24 gold pieces
  4164 | D:4      | Bought a scroll of identify for 24 gold pieces
  4164 | D:4      | Bought a scroll of identify for 24 gold pieces
  4191 | D:4      | Found a runed translucent door.
  4196 | D:4      | Noticed superradish's ghost (weakling DrMo)
  4204 | D:4      | Killed superradish's ghost
  4210 | D:4      | Reached skill level 12 in Axes
  4210 | D:4      | Found a runed translucent door.
  4555 | D:5      | Found Byph's Overcharged Wands.
  4575 | D:5      | Identified the +1 ring mail of Conscience {Str+4 Slay+3}
  4669 | D:5      | Found an opulent altar of Gozag.
  4779 | D:5      | Found a broken altar of Ashenzari.
  4852 | D:5      | Found a glowing golden altar of the Shining One.
  4893 | D:5      | Found a stormy altar of Qazlal.
  5099 | D:5      | Noticed an air elemental
  5390 | D:6      | Reached skill level 13 in Axes
  5404 | D:6      | Found a bloodstained altar of Trog.
  5511 | D:6      | Found an iron altar of Okawaru.
  5537 | D:6      | Found a burning altar of Makhleb.
  5633 | D:6      | Found Cithriwag's Antique Armour Boutique.
  5971 | D:6      | Became a worshipper of Warmaster Okawaru
  5971 | D:6      | Reached * piety under Okawaru
  5971 | D:6      | Reached ** piety under Okawaru
  6037 | D:7      | Reached XP level 9. HP: 60/70 MP: 8/8
  6051 | D:7      | Reached skill level 14 in Axes
  6169 | D:8      | Noticed a two-headed ogre
  6179 | D:8      | Killed a two-headed ogre
  6180 | D:8      | Reached skill level 15 in Axes
  6491 | D:8      | Found a glowing silver altar of Zin.
  6515 | D:8      | Reached *** piety under Okawaru
  6985 | D:7      | Noticed an orc sorcerer
  6996 | D:7      | Killed an orc sorcerer
  6997 | D:7      | Reached skill level 16 in Axes
  7826 | D:7      | Reached **** piety under Okawaru
  8260 | D:8      | Reached XP level 10. HP: 74/77 MP: 9/9
  9128 | D:9      | Noticed a two-headed ogre
  9134 | D:9      | Killed a two-headed ogre
  9135 | D:9      | Reached skill level 17 in Axes
  9317 | D:10     | Entered Level 10 of the Dungeon
  9387 | D:9      | Reached skill level 18 in Axes
  9514 | D:9      | Reached ***** piety under Okawaru
 10081 | D:10     | Found an ancient bone altar of Kikubaaqudgha.
 10162 | D:10     | Reached skill level 19 in Axes
 10281 | D:10     | Identified the +5 spear of the Living Dead {vorpal, rElec
                  | Int-5 SInv}
 10300 | D:10     | Noticed an orc knight
 10301 | D:10     | Noticed a centaur warrior
 10301 | D:10     | Noticed a six-headed hydra
 10322 | D:10     | Killed an orc knight
 10323 | D:10     | Slain by a six-headed hydra

Illustrated notes

Levels and vault maps discovered:
D:1:      beargit_arrival_greenhouse, layout_basic, basic_ecumenical_altar,
          serial_shops, shop, nicolae_shop_waterfront, shop,
          nicolae_shop_behind_doors
D:2:      layout_rooms, uniq_jessica
D:3:      layout_loops_cross, nicolae_ru_path_of_blood, cheibrodos_worm_habitat,
          hangedman_abyss_or_decor_lesser_grid, serial_park_tiny_1,
          kennysheep_path_1, uniq_robin, uniq_terence, uniq_grinder,
          uniq_crazy_yiuf_cottage, uniq_ijyb
D:4:      layout_basic, lemuel_crystal_altar, temple_pool_b, serial_shops,
          nicolae_lakefront_shop, ebering_ghost_sewer_f, uniq_edmund,
          uniq_eustachio, uniq_menkaure
D:5:      layout_basic, ashenzari_altar_1, nicolae_qazlal_style_of_elements,
          grunt_gozag_statues, lemuel_round_altar,
          nicolae_shop_overcharged_wands
D:6:      layout_loops_ring, bloody_makhleb, mainiacjoe_overflow_boulevard,
          amcnicky_altar_gilded, serial_shops, nicolae_take_the_stairs
D:7:      cheibrodos_wizards_tower, layout_basic, serial_bayou_crossing
D:8:      layout_layer_cave, lemuel_doored_altar, nicolae_hexahallways
D:9:      layout_rooms
D:10:     minmay_bloctagon_deflated, layout_stronghold, tgw_kikubaaqudgha,
          erik_lair_orcish_takeover

Skill      XL: |  1  2  3  4  5  6  7  8  9 10 |
---------------+-------------------------------+-----
Axes           | 4 5 6 7 8 9 11 13 16 19 | 19.3
Armour         | 1 2 3 |  3.0
Fighting       | |  3.6
Dodging        | |  3.2
Stealth        | |  1.5

Action                   |  1- 3 |  4- 6 |  7- 9 | 10-12 || total
-------------------------+-------+-------+-------+-------++-------
Melee: Hand axe          |    22 |       |       |       ||    22
       Headbutt          |     6 |    11 |    29 |    24 ||    70
       War axe           |    29 |       |       |       ||    29
       Battleaxe         |    11 |    81 |   191 |    84 ||   367
Invok: Heroism           |       |       |     1 |     1 ||     2
  Use: Scroll            |     2 |     1 |     9 |     2 ||    14
       Potion            |       |       |     2 |     4 ||     6
Armor: Robe              |    11 |       |       |       ||    11
       Chain mail        |    10 |    89 |   146 |    39 ||   284
Dodge: Dodged            |    35 |    52 |    97 |    46 ||   230
       Repelled          |       |       |     6 |     1 ||     7
